Map: Ascension to Aiur LE

Players

TRUE - Winner!

  • Race: Zerg Zerg
  • Spawn Location: 11:00

TLO

  • Race: Zerg Zerg
  • Spawn Location: 5:00

Event: WCS Montreal 2017

VOD

Have the link to the VOD?

Description

Time

  • Played on: Sept. 8, 2017, 6:43 p.m.
  • Length: 4:59

All games in this series

Show
View Real Time Build Order
Export as new Build Order

TRUE Zerg - Winner!

Build Orders: Hatch First 

Get SALT Encoding   

  12  0:00  Drone  
  13  0:12  Overlord  
  13  0:16  Drone  
  14  0:30  Drone x2  
  14  0:33  Drone  
  17  0:52  Hatchery  
  17  0:55  Drone  
  17  1:08  Spawning Pool  
  17  1:10  Extractor  
  15  1:12  Drone  
  15  1:15  Drone  
  17  1:19  Drone  
  18  1:27  Drone  
  19  1:38  Overlord  
  19  1:53  Drone  
  20  1:54  Queen  
  22  2:01  Drone  
  22  2:03  Queen  
  22  2:04  Drone  
  26  2:10  Metabolic Boost  
  26  2:11  Drone  
  26  2:14  Drone  
  28  2:21  Drone  
  29  2:25  Drone  
  30  2:36  Hatchery  
  29  2:46  Baneling Nest  
  29  2:47  Drone  
  29  2:48  Drone x2  
  29  2:50  Drone  
  32  2:54  Overlord  
  32  3:01  Zergling x2  
  32  3:03  Zergling x4  
  32  3:04  Zergling x2  
  37  3:14  Zergling x6  
  37  3:15  Zergling x4  
  37  3:16  Zergling x2  
  43  3:22  Zergling x2  
  43  3:28  Zergling x2  
  43  3:34  Zergling x2  
  44  3:39  Zergling x4  
  43  3:44  Baneling  
  43  3:45  Baneling x2  
  43  3:47  Overlord  
  43  3:52  Overlord  
  43  4:05  Overlord, Zergling x4  
  43  4:06  Zergling x4  
  47  4:15  Zergling x6  
  50  4:17  Zergling x2  
  50  4:18  Zergling x2  
  50  4:20  Zergling x2  
  50  4:22  Zergling x2  
  54  4:26  Hatchery  
  50  4:36  Drone x2  
  50  4:37  Drone  
  52  4:40  Drone x2  
Show
View Real Time Build Order
Export as new Build Order

TLO Zerg 

Build Orders: Pool First 

Get SALT Encoding   

  12  0:00  Drone  
  13  0:12  Overlord  
  13  0:17  Drone  
  14  0:30  Drone x2  
  16  0:36  Drone  
  16  0:37  Extractor  
  16  0:45  Drone  
  17  0:50  Spawning Pool  
  17  0:56  Drone  
  17  1:06  Drone  
  18  1:21  Hatchery  
  17  1:37  Metabolic Boost, Zergling x4  
  19  1:45  Queen  
  21  1:52  Overlord  
  21  1:59  Zergling x2  
  22  2:16  Zergling x4  
  22  2:21  Queen, Zergling x2  
  27  2:33  Queen  
  27  2:34  Zergling x4  
  31  2:44  Zergling x2  
  31  2:45  Zergling x2  
  33  2:54  Overlord  
  33  2:55  Zergling x6  
  36  3:12  Zergling x4  
  37  3:16  Zergling x2  
  37  3:17  Zergling x2  
  39  3:26  Zergling x4  
  40  3:27  Zergling x2  
  40  3:29  Zergling x2  
  40  3:30  Zergling x2  
  40  3:32  Drone  
  40  3:33  Drone x2  
  42  3:39  Drone  
  42  3:40  Drone  
  38  3:49  Evolution Chamber  
  38  3:50  Drone x2  
  38  4:00  Drone  
  38  4:01  Drone  
  40  4:03  Drone  
  41  4:10  Roach Warren  
  41  4:11  Drone x2  
  42  4:17  Evolution Chamber  
  42  4:18  Drone  
  42  4:22  Drone  
  43  4:27  Drone  
  43  4:29  Drone  
  43  4:30  Drone x2  
  42  4:34  Drone  
  42  4:38  Overlord  
Tags
 
Add a new tag
Caveats
  • Supply blocks, unpowered buildings, or Contaminate may cause inaccurate times.
  • Supply counts are checked every 10 seconds.